 Dungeon Sprint DCSS version 0.17-a0-1741-gd5e8965 (webtiles) character file.

1400000 ztt the Portalist (level 16, -10/159 HPs)
             Began as a Ghoul Warper on Aug 31, 2015.
             Was a Believer of Makhleb.
             Mangled by a meat berserker
             ... wielding a +9 battleaxe
              (65 damage)
             ... in the Dungeon (Sprint VIII: "Arena of Blood").
             The game lasted 00:00:31 (14 turns).

ztt the Portalist (Ghoul Warper)                      Turns: 14, Time: 00:00:31

Health: -10/159    AC:  3    Str: 17    XL:     16   Next: 43%
Magic:  5/35       EV: 20    Int:  8    God:    Makhleb [**....]
Gold:   0          SH:  0    Dex: 13    Spells: 1 memorised, 47 levels left

rFire  . . .     SeeInvis .     k - +∞ Axe of Woe
rCold  + . .     Clarity  .     a - +0 leather armour
rNeg   + + +     SustAt   .     (no shield)
rPois  ∞         Gourm    .     (no helmet)
rElec  .         Spirit   .     (no cloak)
rCorr  .         Warding  .     (no gloves)
rMut   .         NoTele   +     (no boots)
MR     +....                    (no amulet)
Stlth  +.........               (no ring)
                                (no ring)

@: rotting, somewhat resistant to hostile enchantments, very unstealthy
A: rotting body, claws 1, carnivore 3, cold resistance 1, negative energy
resistance 3, slow healing 1, torment resistance, unbreathing
a: Minor Destruction, Renounce Religion


You were in the Dungeon.
You worshipped Makhleb.
Makhleb was pleased with you.
You were not hungry.

You visited 1 branch

Inventory:

Hand weapons
 k - the +∞ Axe of Woe (weapon)
   (You found it in the Dungeon)
Missiles
 d - 5 tomahawks of dispersal (quivered)
Armour
 a - a +0 leather armour (worn)
Scrolls
 c - 2 scrolls of blinking
Potions
 f - a potion of curing
 g - a potion of heal wounds
 h - a potion of haste
 i - 2 potions of magic
 j - a potion of berserk rage
Books
 b - a book of Spatial Translocations

   Spells                             Type                      Level
   a - Apportation                    Translocation                1
   b - Blink                          Translocation                2
   c - Shroud of Golubria             Charms/Translocation         2
   d - Portal Projectile              Translocation                3
   e - Teleport Other                 Translocation                3
   f - Passage of Golubria            Translocation                4
Comestibles
 e - a meat ration


   Skills:
 + Level 18.5 Fighting
 + Level 6.6 Axes
 + Level 5.9 Throwing
 + Level 5.7 Armour
 + Level 15.1 Dodging
 + Level 17.2 Unarmed Combat
 + Level 16.5 Spellcasting
 + Level 26.8 Translocations


You had 47 spell levels left.
You knew the following spells:

 Your Spells              Type           Power        Failure   Level  Hunger
a - Apportation           Tloc           #####.....   0%          1    None


Dungeon Overview and Level Annotations

Branches:
Dungeon (1/1)

Altars:
Makhleb


Innate Abilities, Weirdness & Mutations

Your body is rotting away.
You thrive on raw meat.
You are immune to poison.
You have sharp fingernails.
You are carnivorous and can eat meat at any time.
Your flesh is cold resistant.
You are immune to negative energy.
You heal slowly when monsters are visible.
You are immune to unholy pain and torment.
You can survive without breathing.


Message History

Your Axes skill increases to level 6!
Your Dodging skill increases to level 15!
Your Unarmed Combat skill increases to level 17!
Your Spellcasting skill increases to level 16!
You hear a shout! x7
The meat berserker rages.
You hear a shout! x3
The bag of meat moves out of view.
You hear a shout! x8
A bag of meat comes into view. It is wielding a +9 war axe.
Unknown command.
You hear a shout! x4
The bag of meat moves out of view.
You hear a shout! x2
The bag of meat appears out of thin air!
A bag of meat comes into view. It is wielding a +9 war axe.
The bag of meat appears out of thin air!
A bag of meat comes into view. It is wielding a +9 war axe.
The meat berserker hits you with a +9 battleaxe!!!
You die...

.. .. #.. ..#
#.. o.# .###..
..###.
.....o###......
....._.....
#.....# .
#_.<)_# .
....#.)@).#....
.......O_.......
......o###......
..###.. ..###. .
#o. .o# #o. .#
... .. o... ..


You could see a meat berserker (berserk) and 7 bags of meat.

Vanquished Creatures
  2 ogres (D)
  4 orcs (D)
6 creatures vanquished.

Notes
Turn   | Place    | Note
--------------------------------------------------------------
     0 | D        | ztt the Ghoul Warper began the quest for the Orb.
     0 | D        | Reached XP level 1. HP: 17/17 MP: 2/2
     3 | D        | Noticed a meat berserker
     4 | D        | Noticed a bag of meat
     5 | D        | Killed a meat berserker
     5 | D        | Reached skill level 13 in Fighting
     5 | D        | Reached skill level 10 in Dodging
     5 | D        | Reached skill level 20 in Translocations
     5 | D        | Reached XP level 2. HP: 20/44 MP: 2/14
     5 | D        | Reached XP level 3. HP: 22/50 MP: 2/15
     5 | D        | Reached XP level 4. HP: 25/58 MP: 2/17
     5 | D        | Reached XP level 5. HP: 27/64 MP: 2/18
     5 | D        | Reached XP level 6. HP: 30/72 MP: 2/20
     5 | D        | Reached XP level 7. HP: 32/79 MP: 2/21
     5 | D        | Reached XP level 8. HP: 34/86 MP: 2/23
     5 | D        | Reached XP level 9. HP: 36/93 MP: 2/24
     5 | D        | Reached XP level 10. HP: 39/101 MP: 2/25
     5 | D        | Reached XP level 11. HP: 41/107 MP: 2/26
     5 | D        | Reached XP level 12. HP: 44/115 MP: 2/27
     5 | D        | Reached XP level 13. HP: 46/122 MP: 2/28
     6 | D        | Noticed a bag of meat
     7 | D        | Became a worshipper of Makhleb the Destroyer
     8 | D        | Noticed a meat berserker
     9 | D        | Killed a bag of meat
     9 | D        | Reached skill level 1 in Axes
     9 | D        | Reached skill level 5 in Throwing
     9 | D        | Reached skill level 21 in Translocations
     9 | D        | Reached XP level 14. HP: 48/133 MP: 3/30
     9 | D        | Noticed a bag of meat
    11 | D        | Noticed a bag of meat
    11 | D        | Noticed a bag of meat
    11 | D        | Killed a bag of meat
    11 | D        | Acquired Makhleb's first power
    11 | D        | Reached skill level 15 in Fighting
    11 | D        | Reached skill level 23 in Translocations
    11 | D        | Killed a meat berserker
    11 | D        | Reached skill level 5 in Armour
    11 | D        | Reached skill level 15 in Spellcasting
    11 | D        | Reached skill level 25 in Translocations
    11 | D        | Reached XP level 15. HP: 51/147 MP: 3/33
    11 | D        | Killed a bag of meat
    11 | D        | Acquired Makhleb's second power
    11 | D        | Reached skill level 5 in Axes
    11 | D        | Reached skill level 26 in Translocations
    11 | D        | Reached XP level 16. HP: 54/157 MP: 3/34
    12 | D        | Noticed a meat berserker
    12 | D        | Noticed a bag of meat
    12 | D        | Noticed a bag of meat
    13 | D        | Noticed a bag of meat
    13 | D        | Noticed a bag of meat
    13 | D        | Killed a bag of meat
    13 | D        | Reached skill level 15 in Dodging
    14 | D        | Noticed a bag of meat
    14 | D        | Mangled by a meat berserker

Vault maps used:
D:        meatsprint

Action                   |  1- 3 |  4- 6 |  7- 9 | 10-12 | 13-15 | 16-18 || total
-------------------------+-------+-------+-------+-------+-------+-------++-------
Melee: Executioner's axe |     1 |       |       |       |     2 |     1 ||     4
